 Dungeon Crawl Stone Soup version 0.19.0-2-gae57169 (webtiles) character file.

94217 AAAAA the Geomancer (level 16, -9/116 HPs)
             Began as an Octopode Warper on Nov 6, 2016.
             Was a High Priest of Vehumet.
             Mangled by a sun demon (16 damage)
             ... summoned by an orc high priest
             ... on level 2 of the Orcish Mines.
             The game lasted 02:51:42 (43583 turns).

AAAAA the Geomancer (Octopode Warper)              Turns: 43583, Time: 02:51:47

Health: -9/116     AC: 14    Str: 12    XL:     16   Next: 10%
Magic:  16/33      EV: 18    Int: 23    God:    Vehumet [*****.]
Gold:   1194       SH:  8    Dex: 11    Spells: 8 memorised, 11 levels left

rFire  . . .     SeeInvis +     F - +1 short sword (protect)
rCold  . . .     Gourm    .     m - +3 buckler {AC+3}
rNeg   . . .     Faith    .     l - +2 hat {SInv}
rPois  .         Spirit   .     S - amulet of rage
rElec  .         Reflect  .     u - ring of flight
rCorr  .         Harm     .     L - +4 ring of protection
MR     +....                    Q - +4 ring of protection
Stlth  +++++++...               (no ring)
                                X - ring of stealth
                                V - +2 ring of intelligence
                                (no ring)
                                (no ring)

@: no status effects
A: almost no armour, stealthy swim, amphibious, 8 rings, constrict 8, camouflage
1, gelatinous body 1
a: Renounce Religion, Evoke Berserk Rage, Evoke Flight


You were on level 2 of the Orcish Mines.
You worshipped Vehumet.
Vehumet was extremely pleased with you.
You were not hungry.

You visited 4 branches of the dungeon, and saw 19 of its levels.
You also visited: Sewer.

You collected 1965 gold pieces.
You spent 771 gold pieces at shops.

Inventory:

Hand Weapons
 a - a +3 short sword of draining
 o - a +0 blowgun
 F - a +1 short sword of protection (weapon)
 P - a +2 whip of electrocution
Missiles
 d - 4 tomahawks of dispersal
 i - 277 stones (quivered)
 n - 2 throwing nets
 v - 4 curare-tipped needles
 B - 45 poisoned needles
 N - 4 needles of paralysis
Armour
 l - a +2 hat of see invisible (worn)
 m - a +3 buckler of protection (worn)
Jewellery
 u - a ring of flight (left tentacle)
 J - an uncursed ring of fire
 L - a +4 ring of protection (right tentacle)
 Q - a +4 ring of protection (on tentacle)
 S - an amulet of rage (around mantle)
 V - a +2 ring of intelligence (on tentacle)
 X - a ring of stealth (on tentacle)
Wands
 s - a wand of paralysis (16/24)
 t - a wand of teleportation (6/9)
 I - a wand of digging (17/24)
 Y - a wand of heal wounds (4/9)
Scrolls
 c - 2 scrolls of blinking
 h - a scroll of enchant weapon
 p - 4 scrolls of magic mapping
 r - 2 scrolls of recharging
 x - a scroll of fog
 y - 4 scrolls of teleportation
 G - 6 scrolls of remove curse
 R - a scroll of fear
 Z - a scroll of enchant armour
Potions
 b - a potion of invisibility {unknown}
 e - 2 potions of heal wounds
 g - 5 potions of magic
 j - 13 potions of curing
 k - a potion of flight
 q - a potion of ambrosia {unknown}
 w - a potion of lignification
 z - 4 potions of agility
 A - 5 potions of might
 C - 2 potions of brilliance
 D - a potion of berserk rage {unknown}
 H - a potion of cure mutation {unknown}
 M - 2 potions of haste
 O - 2 potions of mutation {unknown}
Miscellaneous
 K - a lamp of fire
Comestibles
 f - 12 bread rations
 E - 5 meat rations
 T - 17 fruits
 W - a chunk of flesh


   Skills:
 + Level 12.7 Fighting
 - Level 2.0 Short Blades
 - Level 1.0 Throwing
 - Level 10.0 Dodging
 - Level 11.3 Stealth
 - Level 5.9 Shields
 - Level 13.0 Spellcasting
 - Level 8.0 Conjurations
 - Level 6.4 Translocations
 - Level 13.0 Earth Magic


You had 11 spell levels left.
You knew the following spells:

 Your Spells              Type           Power        Failure   Level  Hunger
a - Stone Arrow           Conj/Erth      ######       1%          3    None
b - Bolt of Draining      Conj/Necr      ####......   7%          5    ###....
c - Teleport Other        Tloc           #####...     1%          3    None
d - Passage of Golubria   Tloc           N/A          3%          4    None
e - Blink                 Tloc           N/A          1%          2    None
f - Regeneration          Chrm/Necr      ##........   14%         3    None
g - Spellforged Servitor  Conj/Summ      ####......   98%         7    ######.
h - Portal Projectile     Tloc           #####.       1%          3    None


Dungeon Overview and Level Annotations

Branches:
Dungeon (10/15)            Temple (1/1) D:5            Lair (6/6) D:9
 Shoals (0/4) Lair:4       Spider (0/4) Lair:4        Slime (0/5) Lair:5
    Orc (2/2) D:10            Elf (0/3) Orc:2

Altars:
Ashenzari
Cheibriados
Dithmenos
Elyvilon
Fedhas
Gozag
Hepliaklqana
Kikubaaqudgha
Makhleb
Nemelex Xobeh
Okawaru
Qazlal
Ru
Sif Muna
Trog
Uskayaw
Vehumet
Xom
Yredelemnul
Zin
The Shining One
Beogh
Jiyva

Shops:
D:5 ?[%=[   D:7 [   D:10 (   Orc:1 (

Annotations:
Lair:2 Sonja
Lair:5 exclusion: downstairs
Orc:2 Nergalle


Innate Abilities, Weirdness & Mutations

You cannot wear most types of armour.
You are very stealthy in the water. (Stealth+)
You are amphibious.
You can wear up to eight rings at the same time.
You can use your tentacles to constrict eight enemies at once.
Your skin changes colour to match your surroundings (Stealth+).
Your rubbery body absorbs attacks. (AC +1, EV +1)


Message History

Press: ? - help, Shift-Dir - straight line, f/p - orc high priest
Aim: an orc high priest, wielding a glaive and wearing a leather armour (almost dead)
The stone arrow misses the orc high priest.
The sun demon hits you!
* * * LOW HITPOINT WARNING * * *
You are engulfed in flames!!
* * * LOW HITPOINT WARNING * * *
You block the orc high priest's attack.
Casting: Stone Arrow
Confirm with . or Enter, or press ? or * to list all spells.
Aiming: Stone Arrow
Press: ? - help, Shift-Dir - straight line, f/p - orc high priest
Aim: an orc high priest, wielding a glaive and wearing a leather armour (almost dead)
The stone arrow misses the orc high priest.
You block the sun demon's attack.
The orc high priest completely misses you.
The sun demon hits you!
* * * LOW HITPOINT WARNING * * *
You are engulfed in flames!
You die...

........#)...# ##..##...
............## #....#...
..........)..######.......#
............###...##......#
..........[.##.............
##.......55.##...##..(...#
#.......35##<#####....(.#
#......53o#...#####......
#......5@###.#.#.####....
#........(()).....#.#....
#....[.........#.#.......
#.....##.....##...#......
..8.......##...##...........
.(.o..#...##..............#.
....(#.....##.............#.
..........###...............
..8..#..####................


You could see an orc high priest, a sun demon, a ynoxinul and 5 ufetubi.

Vanquished Creatures
  2 orc warlords (D:10)
  A fire dragon (Lair:6)
  9 hydras
  A catoblepas (Lair:6)
  The ghost of AAAAA the Geomancer, a journeyman OpWr of Vehumet (D:9)
  13 death yaks
  2 orc high priests (Orc:1)
  A deep elf knight (Orc:1)
  An unseen horror (D:10)
  Pikel (D:7)
  4 lindwurms (Lair:2)
  3 orc knights
  A wolf spider (Lair:6)
  An ugly thing (D:10)
  4 orc sorcerers
  A manticore (Lair:5)
  2 deep elf magi (Orc:1)
  A cyclops (Orc:2)
  Maurice (D:8)
  A guardian serpent (Lair:5)
  3 sirens (Lair:4)
  24 elephants
  12 black mambas
  A torpor snail (Lair:2)
  Psyche (D:9)
  6 rime drakes
  23 spiny frogs
  The ghost of UranusSolar the Changer, a novice OpTm (D:5)
  6 komodo dragons
  A merfolk (Lair:4)
  4 trolls
  A polar bear (Lair:4)
  5 hornets
  Grinder (D:5)
  A two-headed ogre (D:10)
  12 dream sheep
  18 hippogriffs
  22 blink frogs
  3 redbacks
  55 yaks
  A spriggan (D:8)
  14 wyverns
  9 basilisks
  5 steam dragons
  2 hungry ghosts
  2 wargs (Orc:1)
  3 mottled dragons (Lair:6)
  12 porcupines
  A hell hound (Lair:6)
  30 water moccasins
  2 ice beasts
  33 orc warriors
  4 sky beasts
  3 slaves (D:7)
  4 black bears
  A necrophage (D:9)
  11 ogres
  4 centaurs
  5 phantoms
  5 wolves (Lair:3)
  15 crocodiles
  3 big kobolds
  19 bullfrogs
  6 scorpions
  2 howler monkeys
  3 crimson imps
  A quasit (D:7)
  A jelly (D:10)
  A bullfrog skeleton (D:6)
  18 orc priests
  2 gnoll shamans
  3 hounds
  19 orc wizards
  3 centaur skeletons
  9 iguanas
  9 hell rats
  7 worker ants
  A hound zombie (D:8)
  A hound skeleton (D:9)
  A howler monkey zombie (D:8)
  19 gnolls
  13 river rats
  21 adders
  2 shadow imps
  2 oozes
  2 adder zombies
  A worm (D:2)
  A dart slug (D:3)
  4 leopard geckos
  55 orcs
  5 ball pythons
  6 bats
  5 giant cockroaches
  5 goblins
  2 hobgoblins (D:1)
  3 jackals (D:1)
  25 kobolds
  4 quokkas
  9 frilled lizards
  A giant cockroach zombie (D:5)
  A leopard gecko zombie (D:5)
  A quokka skeleton (D:5)
  37 rats
  2 butterflies (Lair:5)
  2 fungi
  2 plants
756 creatures vanquished.

Vanquished Creatures (others)
  Erica (D:9)
  A slave (D:7)
  2 bullfrogs
  An orc priest (D:7)
  A leopard gecko (D:7)
  2 orcs (D:7)
  36 fungi
  45 plants
89 creatures vanquished.

Grand Total: 845 creatures vanquished

Notes
Turn   | Place    | Note
-------+----------+-------------------------------------------
     0 | D:1      | AAAAA the Octopode Warper began the quest for the Orb.
     0 | D:1      | Reached XP level 1. HP: 14/14 MP: 3/3
    38 | D:1      | Reached skill level 1 in Stealth
   201 | D:1      | Reached XP level 2. HP: 1/19 MP: 5/5
   546 | D:1      | Learned a level 2 spell: Blink
  1192 | D:1      | Reached XP level 3. HP: 24/24 MP: 6/6
  1773 | D:2      | Reached skill level 5 in Stealth
  1773 | D:2      | Reached XP level 4. HP: 24/29 MP: 7/7
  2456 | D:3      | Reached XP level 5. HP: 36/36 MP: 8/8
  2575 | D:3      | Found a faded altar of an unknown god.
  3012 | D:4      | Found a glowing drain.
  3022 | Sewer    | Entered a sewer
  3105 | Sewer    | Reached XP level 6. HP: 20/44 MP: 9/9
  3325 | Sewer    | Reached skill level 5 in Fighting
  3936 | D:4      | Reached XP level 7. HP: 46/52 MP: 10/10
  4495 | D:5      | Entered Level 5 of the Dungeon
  4671 | D:5      | Noticed Grinder
  4690 | D:5      | Killed Grinder
  4707 | D:5      | Reached skill level 5 in Translocations
  4707 | D:5      | Reached XP level 8. HP: 29/57 MP: 12/14
  5100 | D:5      | Found Juahob's Food Shop.
  5102 | D:5      | Found Buschouq's Armour Shop.
  5102 | D:5      | Found Tumaqim's Armour Shop.
  5122 | D:5      | Learned a level 3 spell: Portal Projectile
  5156 | D:5      | Found Ysuss's Jewellery Shop.
  5912 | D:4      | Learned a level 3 spell: Teleport Other
  6020 | D:5      | Noticed UranusSolar's ghost (novice OpTm)
  6097 | D:6      | Reached skill level 5 in Spellcasting
  6560 | D:6      | Learned a level 4 spell: Passage of Golubria
  6597 | D:6      | Learned a level 3 spell: Stone Arrow
  6721 | D:6      | Reached skill level 1 in Earth Magic
  6742 | D:6      | Reached skill level 1 in Conjurations
  6920 | D:5      | Found a staircase to the Ecumenical Temple.
  7056 | Temple   | Entered the Ecumenical Temple
  7114 | Temple   | Became a worshipper of Vehumet
  7141 | D:5      | Reached XP level 9. HP: 48/62 MP: 13/17
  7196 | D:5      | Bought a +1 buckler of protection for 231 gold pieces
  7308 | D:5      | Found Xawusi's Magic Scroll Boutique.
  8189 | D:7      | Found Ducoiq's Antique Armour Emporium.
  8338 | D:7      | Noticed Pikel
  8474 | D:7      | Killed Pikel
  8474 | D:7      | Reached skill level 5 in Shields
  9066 | D:6      | Reached skill level 5 in Earth Magic
  9176 | D:7      | Reached * piety under Vehumet
  9176 | D:7      | Offered knowledge of Freeze by Vehumet.
  9176 | D:7      | Reached XP level 10. HP: 24/68 MP: 5/18
 10771 | D:8      | Noticed Maurice
 10780 | D:9      | Noticed Erica
 10814 | D:9      | Noticed an elephant
 10814 | D:9      | Found a staircase to the Lair.
 10851 | D:9      | Killed an elephant
 11414 | D:9      | Noticed AAAAA's ghost (journeyman OpWr)
 11421 | D:9      | Offered knowledge of Throw Flame by Vehumet.
 11439 | D:9      | Reached ** piety under Vehumet
 11928 | D:9      | Noticed Psyche
 11937 | D:9      | Killed Psyche
 12082 | D:9      | Reached XP level 11. HP: 72/72 MP: 22/22
 12462 | D:9      | Learned a level 3 spell: Regeneration
 12525 | D:9      | Killed Erica
 13174 | D:8      | Killed Maurice
 13208 | D:8      | Found a sparkling altar of Nemelex Xobeh.
 13515 | D:9      | Killed AAAAA's ghost
 13653 | D:10     | Entered Level 10 of the Dungeon
 13665 | D:10     | Found Funtudi's Weapon Shoppe.
 13711 | D:10     | Killed an unseen horror
 13962 | D:10     | Reached skill level 5 in Conjurations
 14045 | D:10     | Noticed a red ugly thing
 14058 | D:10     | Killed a red ugly thing
 14058 | D:10     | Offered knowledge of Throw Frost by Vehumet.
 14058 | D:10     | Reached skill level 10 in Earth Magic
 14318 | D:10     | Found a staircase to the Orcish Mines.
 15289 | D:10     | Reached *** piety under Vehumet
 15732 | Orc:1    | Entered Level 1 of the Orcish Mines
 15734 | Orc:1    | Found a shimmering altar of Xom.
 15880 | Orc:1    | Noticed an orc sorcerer
 15886 | Orc:1    | Noticed an orc sorcerer
 16414 | D:10     | Killed an orc sorcerer
 16557 | D:10     | Reached XP level 12. HP: 63/81 MP: 13/24
 16826 | Orc:1    | Offered knowledge of Iskenderun's Mystic Blast by Vehumet.
 17150 | Orc:1    | Found Vaorgh's Antique Weapon Shop.
 17224 | Orc:1    | Noticed an orc warlord
 17880 | D:10     | Killed an orc warlord
 18896 | D:5      | Bought a +4 ring of protection for 540 gold pieces
 18904 | D:5      | Killed UranusSolar's ghost
 19234 | Lair:1   | Entered Level 1 of the Lair of Beasts
 19430 | D:9      | Reached skill level 10 in Fighting
 20374 | D:9      | Reached **** piety under Vehumet
 20657 | Lair:1   | Offered knowledge of Inner Flame by Vehumet.
 20905 | Lair:1   | Reached skill level 10 in Stealth
 21397 | Lair:2   | Noticed an eight-headed hydra
 21406 | Lair:2   | Killed an eight-headed hydra
 21517 | Lair:2   | Noticed Sonja
 21835 | Lair:2   | Reached XP level 13. HP: 49/92 MP: 7/25
 22619 | Lair:2   | Reached ***** piety under Vehumet
 22871 | Lair:2   | Offered knowledge of Conjure Ball Lightning by Vehumet.
 24367 | Lair:2   | Got a twisted great sword
 26293 | Lair:4   | Found a hole to the Spider Nest.
 26482 | Lair:4   | Reached skill level 10 in Spellcasting
 27268 | Lair:4   | Found a staircase to the Shoals.
 27691 | Lair:3   | Reached XP level 14. HP: 86/99 MP: 8/28
 28296 | Lair:5   | Found a viscous altar of Jiyva.
 28297 | Lair:5   | Found a staircase to the Slime Pits.
 28384 | Lair:5   | Offered knowledge of Spellforged Servitor by Vehumet.
 28393 | Lair:5   | Learned a level 7 spell: Spellforged Servitor
 28787 | Lair:6   | Entered Level 6 of the Lair of Beasts
 32902 | Lair:5   | Paralysed by a hornet for 2 turns
 33631 | Lair:6   | Offered knowledge of Lightning Bolt by Vehumet.
 33877 | Lair:6   | Reached skill level 5 in Dodging
 33880 | Lair:6   | Reached XP level 15. HP: 103/103 MP: 10/32
 38266 | Lair:6   | Reached skill level 10 in Dodging
 40052 | Lair:6   | Offered knowledge of Bolt of Draining by Vehumet.
 40060 | Lair:6   | Learned a level 5 spell: Bolt of Draining
 41324 | Orc:1    | Noticed an orc warlord
 41417 | D:10     | Killed an orc warlord
 41901 | Orc:1    | Reached XP level 16. HP: 89/114 MP: 4/33
 42232 | Orc:1    | Found a roughly hewn altar of Beogh.
 42464 | Orc:1    | Got a transparent scimitar {slice}
 42465 | Orc:1    | Identified the +6 scimitar of Profit {slice, Dex+3} (You took it off an orc warrior on level 1 of the Orcish Mines)
 42622 | Orc:2    | Entered Level 2 of the Orcish Mines
 42622 | Orc:2    | Found a staircase to the Elven Halls.
 43454 | Orc:2    | Noticed Nergalle
 43583 | Orc:2    | Mangled by a sun demon

Skill      XL: |  1  2  3  4  5  6  7  8  9 10 11 12 13 14 15 |
---------------+----------------------------------------------+-----
Stealth        | 2 3 5 11 | 11.3
Fighting       | 3 4 6 7 10 12 | 12.7
Spellcasting   | 4 5 7 8 10 13 | 13.0
Translocations | 5 6 |  6.4
Earth Magic    | 1 5 9 10 11 13 | 13.0
Conjurations   | 1 2 5 8 |  8.0
Shields        | 5 |  5.9
Dodging        | 4 5 10 | 10.0
Short Blades   | |  2.0
Throwing       | |  1.0

Action                   |  1- 3 |  4- 6 |  7- 9 | 10-12 | 13-15 | 16-18 || total
-------------------------+-------+-------+-------+-------+-------+-------++-------
Melee: Short sword       |    63 |   135 |   252 |   360 |   263 |    16 ||  1089
       Constrict         |    13 |    35 |    35 |    68 |    43 |     5 ||   199
       Tentacles         |     9 |    20 |    43 |    66 |    67 |     2 ||   207
       Whip              |       |       |       |    23 |    14 |       ||    37
 Fire: Blowgun           |       |       |    28 |    99 |     7 |       ||   134
Throw: Stone             |     2 |       |     1 |     8 |   108 |    11 ||   130
       Tomahawk          |     1 |       |       |       |       |       ||     1
 Cast: Blink             |     1 |       |    18 |    20 |    29 |       ||    68
       Portal Projectile |       |       |     7 |    14 |     1 |       ||    22
       Stone Arrow       |       |       |    12 |   348 |  1082 |    75 ||  1517
       Teleport Other    |       |       |       |     1 |       |       ||     1
       Passage of Golubr |       |       |       |     2 |    72 |       ||    74
       Regeneration      |       |       |       |       |    24 |       ||    24
       Bolt of Draining  |       |       |       |       |     3 |     8 ||    11
 Abil: Evoke Flight      |       |       |       |       |     5 |       ||     5
       Stop Flying       |       |       |       |       |     1 |       ||     1
Evoke: Wand              |       |       |     2 |       |     3 |       ||     5
       Lamp of fire      |       |       |       |       |     1 |       ||     1
  Use: Scroll            |       |     3 |     1 |    13 |    14 |       ||    31
       Potion            |       |       |     5 |     1 |     4 |       ||    10
 Stab: Sleeping          |     3 |    13 |     7 |    19 |     7 |       ||    49
       Distracted        |       |       |       |     2 |       |       ||     2
  Eat: Chunk             |     2 |     6 |    11 |    27 |    51 |     4 ||   101
       Beef jerky        |       |       |     2 |       |     4 |       ||     6
       Meat ration       |       |       |     1 |     3 |       |       ||     4
       Royal jelly       |       |       |       |     1 |     2 |       ||     3
       Fruit             |       |       |       |     2 |       |     2 ||     4
       Bread ration      |       |       |       |     1 |       |       ||     1
       Pizza             |       |       |       |       |     2 |       ||     2
Armor: Skin              |     5 |     4 |    13 |   139 |   179 |     9 ||   349
Dodge: Dodged            |    37 |    77 |   133 |   244 |   394 |    23 ||   908
Block: Buckler           |       |       |    20 |   156 |   249 |    22 ||   447
